 Dungeon Crawl Stone Soup version 0.28-a0-643-g84cb2ea78e (webtiles) character file.

Game seed: 10134883227218735125

35575 jasper the Severer (level 13, -7/119 HPs)
             Began as a Minotaur Cinder Acolyte on Oct 10, 2021.
             Was an Initiate of Ignis.
             Mangled by an orc warrior (24 damage)
             ... led by an orc warlord
             ... on level 1 of the Orcish Mines.
             The game lasted 00:37:49 (25010 turns).

jasper the Severer (Minotaur Cinder Acolyte)       Turns: 25010, Time: 00:37:49

Health: -7/119     AC: 30    Str: 23    XL:     13   Next: 48%
Magic:  13/13      EV: 10    Int: 11    God:    Ignis [......]
Gold:   1038       SH:  0    Dex:  9    Spells: 12/14 levels left

rFire   + . .      SeeInvis .   E - +0 battleaxe (freeze)
rCold   + . .      Faith    .   (shield currently unavailable)
rNeg    . . .      Spirit   .   H - +1 crystal plate armour {rC+}
rPois   +          Reflect  .   (helmet restricted)
rElec   .          Harm     .   V - +1 cloak "Goutz" {rPois Str+2}
rCorr   +          Rampage  .   M - +0 pair of gloves
Will    +....                   C - +2 pair of boots "Donist" {rCorr}
Stlth   ..........              (no amulet)
HPRegen 0.29/turn               P - +4 ring of evasion
MPRegen 0.13/turn               L - ring of willpower

@: no status effects
A: horns 2, retaliatory headbutt
a: Renounce Religion


You were on level 1 of the Orcish Mines.
You worshipped Ignis.
Ignis was noncommittal.
You visited 4 branches of the dungeon, and saw 21 of its levels.
You also visited: Ice Cave.

You collected 1476 gold pieces.
You spent 438 gold pieces at shops.

Inventory:

Hand Weapons
 a - a +0 hand axe of flaming
 E - a +0 battleaxe of freezing (weapon)
 K - a +1 executioner's axe of freezing
Missiles
 e - 580 stones
 p - 10 javelins
 w - 2 boomerangs of dispersal
 x - 52 poisoned darts (quivered)
 A - 81 bolts
 N - 3 throwing nets
Armour
 s - a +1 ring mail of willpower
 z - a +3 ring mail of fire resistance
 C - the +2 pair of boots "Donist" (worn) {rCorr}
   (You bought it in a shop on level 8 of the Dungeon)

   rCorr:     It protects you from acid and corrosion.
 G - a +0 cloak
 H - a +1 crystal plate armour of cold resistance (worn)
 M - a +0 pair of gloves (worn)
 V - the +1 cloak "Goutz" (worn) {rPois Str+2}
   (You found it on level 1 of the Lair of Beasts)

   Str:       It affects your strength (+2).
   rPois:     It protects you from poison.
Jewellery
 f - a ring of resist corrosion
 r - a ring of positive energy
 y - a +4 ring of protection
 L - a ring of willpower (right hand)
 P - a +4 ring of evasion (left hand)
Wands
 u - a wand of digging (2)
 F - a wand of polymorph (11)
 S - a wand of acid (6)
Scrolls
 j - 2 scrolls of fog
 l - 3 scrolls of amnesia
 q - 2 scrolls of enchant weapon
 B - 2 scrolls of magic mapping
 I - a scroll of summoning
 R - 2 scrolls of fear
 W - 5 scrolls of identify
Potions
 b - a potion of curing
 g - 5 potions of mutation
 h - 5 potions of lignification
 i - 3 potions of brilliance
 k - 3 potions of magic
 o - 8 potions of attraction
 D - a potion of resistance
 J - a potion of degeneration
 Q - 2 potions of flight
 T - a potion of haste
Miscellaneous
 t - a condenser vane (inert)
 v - a phial of floods (inert)
 U - a lightning rod (inert)


   Skills:
 + Level 12.3 Fighting
 - Level 20.0 Axes
 + Level 11.7 Armour
 - Level 6.6 Dodging
 - Level 1.0 Spellcasting
 - Level 2.1 Fire Magic
 - Level 5.0 Evocations


You had 12 spell levels left.
You knew the following spells:

 Your Spells              Type           Power      Damage    Failure   Level
a - Passwall              Tmut/Erth      0%         N/A       100%        2

Your spell library contained the following spells:

 Spells                   Type           Power      Damage    Failure   Level
 Sandblast                Erth           0%         2d4       100%        1
 Sting                    Tmut/Pois      0%         1d3       100%        1
 Corpse Rot               Necr/Air       N/A        N/A       100%        2
 Ensorcelled Hibernation  Hex/Ice        0%         N/A       100%        2
 Poisonous Vapours        Pois/Air       0%         N/A       100%        2
 Scorch                   Fire           10%        2d5       100%        2
 Slow                     Hex            0%         N/A       100%        2
 Call Canine Familiar     Summ           0%         N/A       100%        3
 Confusing Touch          Hex            0%         N/A       100%        3
 Conjure Flame            Conj/Fire      2%         6-21      100%        3
 Dazzling Flash           Conj/Hex       0%         N/A       100%        3
 Frozen Ramparts          Ice            0%         1d2       100%        3
 Ignite Poison            Fire/Tmut/Pois 2%         N/A       100%        3
 Inner Flame              Hex/Fire       2%         N/A       100%        3
 Portal Projectile        Hex/Tloc       0%         N/A       100%        3
 Stone Arrow              Conj/Erth      0%         3d7       100%        3
 Tukima's Dance           Hex            0%         N/A       100%        3
 Vampiric Draining        Necr           0%         2d6       100%        3
 Cause Fear               Hex            0%         N/A       100%        4
 Ice Form                 Ice/Tmut       0%         N/A       100%        4
 Iskenderun's Mystic Bla  Conj/Tloc      0%         2d3       100%        4
 Leda's Liquefaction      Hex/Erth       0%         N/A       100%        4
 Olgreb's Toxic Radiance  Pois           0%         N/A       100%        4
 Petrify                  Tmut/Erth      0%         N/A       100%        4
 Sticky Flame             Conj/Fire      2%         2d3       100%        4
 Summon Ice Beast         Ice/Summ       0%         N/A       100%        4
 Alistair's Intoxication  Tmut/Pois      0%         N/A       100%        5
 Lee's Rapid Deconstruct  Erth           0%         3d5*      100%        5
 Metabolic Englaciation   Hex/Ice        0%         N/A       100%        5
 Conjure Ball Lightning   Conj/Air       0%         3x3d6     100%        6
 Starburst                Conj/Fire      1%         6d3       100%        6
 Statue Form              Tmut/Erth      0%         N/A       100%        6
 Discord                  Hex            0%         N/A       100%        8
 Maxwell's Capacitive Co  Air            0%         ∞         100%        8


Dungeon Overview and Level Annotations

Branches:
Dungeon (12/15)            Temple (0/1) D:5            Lair (6/6) D:10
  Swamp (0/4) Lair:3        Snake (1/4) Lair:3          Orc (2/2) D:10
  IceCv (visited)
  Slime: Lair:5-6       Elf: Orc:2

Altars:
Nemelex Xobeh
Ru
Trog
Yredelemnul
The Shining One

Shops:
D:2 *   D:5 (   D:6 :   D:8 [   D:10 :[(

Annotations:
D:4 2 transporters, AttackTheMoon's ghost, amateur VSAM


Innate Abilities, Weirdness & Mutations

You have a pair of horns on your head.
You reflexively headbutt those who attack you in melee.


Message History

The orc warrior is moderately wounded.
The orc priest mumbles some strange prayers to Beogh against you.
Beogh smites you!
The orc warrior hits you but does no damage.
You take 14 damage, and have 88/119 hp.
Aiming: Corrosive Bolt
Press: ? - help, Shift-Dir - straight line, f/p - orc warrior
Aim: an orc warrior, wielding a +0 halberd, wearing a +0 plate armour and quivering boomerangs (heavily wounded, strong, covered in acid, 74% to hit)
The bolt of acid hits the orc warrior!
The orc warrior is almost dead.
The bolt of acid hits the orc warrior!
The orc warrior seems to be corroded for longer.
The orc warrior is severely wounded.
The orc warrior hits you but does no damage.
The orc warrior hits you with a +0 war axe!
The ogre hits you with a +0 giant club!
The orc warrior hits you from afar with a +0 halberd!
You climb upwards.
There is a stone staircase leading down here.
You take 38 damage, and have 50/119 hp.
MASSIVE DAMAGE!!
You slice the ogre!! You freeze the ogre.
You headbutt the ogre, but do no damage.
The ogre is almost dead.
You hit the orc warrior. You freeze the orc warrior.
Your crystal plate armour prevents you from hitting the orc warrior.
You barely miss the ogre. You headbutt the ogre.
You kill the ogre!
You closely miss the orc warrior.
Your crystal plate armour prevents you from hitting the orc warrior.
The orc warrior hits you but does no damage.
The orc warrior hits you with a +0 war axe!
Things that are here:
a +0 giant club; an ogre corpse You take 6 damage, and have 44/119 hp.
Your crystal plate armour prevents you from hitting the orc warrior.
You hit the orc warrior but do no damage.
The orc warrior hits you with a +0 war axe!!
* * * LOW HITPOINT WARNING * * *
The orc warrior hits you with a +0 scimitar!!
You die...

### ####.# #...##
###....### ###
#.#......#
##.####........#####
#....#.....##....#.##
##....o.....#.......#
#...>o@...#....##.##
##..#...........###
######......#.##
##......###
##....#...#
#...[.##..####
###....####....#
##.....[#.###..##
#......)).......#


You could see 2 orc warriors.

Vanquished Creatures
  Gastronok (Lair:1)
  Snorg (Lair:5)
  Harold (Lair:1)
  A boulder beetle (D:12)
  4 hydras
  A death yak (D:10)
  Erica (D:8)
  Urug (D:11)
  A fire crab (Lair:1)
  Pikel (D:7)
  A wizard (D:10)
  2 orc knights (D:10)
  A deep elf pyromancer (D:10)
  2 deep elf zephyrmancers (D:10)
  Joseph (D:8)
  2 black mambas
  Maurice (D:8)
  A torpor snail (Lair:4)
  An elephant (D:10)
  Maggie (Lair:1)
  8 cane toads
  An ice statue (IceCv)
  A rime drake (Lair:4)
  An ice devil (IceCv)
  A freezing wraith (IceCv)
  5 komodo dragons
  An anaconda simulacrum (IceCv)
  Prince Ribbit (D:8)
  A tyrant leech (Lair:3)
  4 trolls
  A shadow (D:8)
  31 yaks
  2 wyverns
  A fire bat (Lair:1)
  A basilisk (Lair:5)
  A dire elephant simulacrum (IceCv)
  8 vampire mosquitoes
  3 fire elementals (Lair:1)
  A death yak simulacrum (IceCv)
  A harpy simulacrum (IceCv)
  3 wargs
  2 acid dragons (D:10)
  2 swamp worms (Lair:3)
  A hell hound (Lair:1)
  10 water moccasins
  16 orc warriors
  2 ice beasts (D:6)
  4 black bears
  2 necrophages
  5 ogres
  6 centaurs
  3 lemures (D:7)
  A kobold brigand (D:10)
  9 bullfrogs
  6 scorpions
  A water moccasin zombie (D:6)
  5 two-headed ogre simulacra (IceCv)
  A gnoll sergeant (D:7)
  A water moccasin skeleton (D:6)
  2 elephant simulacra (IceCv)
  10 killer bees
  10 wights
  5 howler monkeys
  An electric eel (D:9)
  5 centaur zombies
  5 hounds
  A jelly (D:5)
  11 orc priests
  A centaur skeleton (D:5)
  An iguana (D:6)
  15 orc wizards
  4 spriggan simulacra (IceCv)
  A polar bear simulacrum (IceCv)
  4 troll simulacra (IceCv)
  4 wolf simulacra (IceCv)
  A hound skeleton (D:5)
  2 howler monkey zombies
  7 gnolls
  8 adders
  2 naga simulacra (IceCv)
  9 white imps (IceCv)
  6 ufetubi
  An adder skeleton (D:4)
  3 dart slugs
  2 worms
  44 orcs
  5 bats
  4 endoplasms
  2 giant cockroaches
  13 goblins
  12 hobgoblins
  2 quokkas
  2 ball pythons
  5 frilled lizards
  17 kobolds
  5 rats
412 creatures vanquished.

Vanquished Creatures (others)
  An orc (D:5)
  207 foxfires
  18 fungi
  16 plants
242 creatures vanquished.

Grand Total: 654 creatures vanquished

Notes
Turn   | Place    | Note
-------+----------+-------------------------------------------
     0 | D:1      | jasper the Minotaur Cinder Acolyte began the quest for the
                  | Orb.
     0 | D:1      | Reached XP level 1. HP: 19/19 MP: 1/1
   114 | D:1      | Reached skill level 4 in Axes
   318 | D:1      | Reached XP level 2. HP: 26/26 MP: 2/2
   335 | D:1      | Found a faded altar of an unknown god.
   971 | D:2      | Learned a level 2 spell: Passwall
  1033 | D:2      | Reached skill level 5 in Axes
  1033 | D:2      | Reached XP level 3. HP: 19/31 MP: 3/3
  1230 | D:2      | Found Negout's Assorted Antiques.
  1247 | D:2      | Bought a viscous red potion for 20 gold pieces
  1247 | D:2      | Bought a fuming pink potion for 20 gold pieces
  2180 | D:3      | Reached skill level 6 in Axes
  2180 | D:3      | Reached XP level 4. HP: 39/39 MP: 4/4
  2569 | D:4      | Noticed an ogre
  2575 | D:4      | Killed an ogre
  2576 | D:4      | Reached skill level 7 in Axes
  2576 | D:4      | Reached XP level 5. HP: 45/45 MP: 5/5
  2625 | D:4      | Noticed a necrophage
  2640 | D:4      | Killed a necrophage
  2641 | D:4      | Reached skill level 8 in Axes
  2641 | D:4      | Reached XP level 6. HP: 32/51 MP: 6/6
  2926 | D:4      | Reached skill level 9 in Axes
  3039 | D:4      | Found a transporter.
  3044 | D:4      | Noticed AttackTheMoon's ghost (amateur VSAM)
  3045 | D:4      | Found a transporter.
  3164 | D:4      | Reached XP level 7. HP: 57/57 MP: 7/7
  3480 | D:5      | Entered Level 5 of the Dungeon
  3482 | D:5      | Found a staircase to the Ecumenical Temple.
  3514 | D:5      | Reached skill level 10 in Axes
  3721 | D:5      | Found Poukk's Weapon Shop.
  3755 | D:5      | Bought a +0 broad axe for 56 gold pieces
  4329 | D:5      | Reached skill level 11 in Axes
  4443 | D:5      | You fall into a shaft and drop 1 floor!
  4688 | D:6      | Found Serab's Book Boutique.
  4768 | D:6      | Noticed a yak
  4768 | D:6      | Noticed a yak
  4770 | D:6      | Noticed a yak
  4771 | D:6      | Noticed a yak
  4772 | D:6      | Noticed a yak
  4797 | D:6      | Killed a yak
  4798 | D:6      | Reached XP level 8. HP: 53/64 MP: 8/8
  4804 | D:6      | Reached skill level 12 in Axes
  4807 | D:6      | Reached skill level 13 in Axes
  5113 | D:6      | Reached skill level 14 in Axes
  5113 | D:6      | Reached skill level 1 in Armour
  5339 | D:6      | Reached XP level 9. HP: 71/71 MP: 9/9
  6340 | D:6      | Reached skill level 5 in Fighting
  6344 | D:6      | Found a glowing golden altar of the Shining One.
  7464 | D:7      | Reached skill level 5 in Armour
  7591 | D:7      | Noticed Pikel
  7615 | D:7      | Killed Pikel
  7857 | D:8      | Noticed Prince Ribbit
  7876 | D:8      | Killed Prince Ribbit
  8074 | D:8      | Reached XP level 10. HP: 30/88 MP: 10/10
  8097 | D:8      | Noticed Erica
  8108 | D:8      | Killed Erica
  8475 | D:8      | Found Qineapu's Antique Armour Shoppe.
  8481 | D:8      | Bought a pair of steaming boots for 171 gold pieces
  8481 | D:8      | Identified the +2 pair of boots "Donist" {rCorr} (You
                  | bought it in a shop on level 8 of the Dungeon)
  8547 | D:8      | Noticed Joseph
  8554 | D:8      | Noticed Maurice
  8935 | D:10     | Entered Level 10 of the Dungeon
  8952 | D:10     | Noticed an elephant
  8976 | D:10     | Killed an elephant
  8977 | D:10     | Reached skill level 10 in Fighting
  9160 | D:10     | Found a staircase to the Lair.
  9165 | D:10     | Noticed a death yak
  9192 | D:10     | Killed a death yak
  9374 | D:10     | Reached skill level 10 in Armour
  9469 | D:10     | Reached skill level 1 in Evocations
  9516 | D:10     | Found Qoont's Book Emporium.
  9595 | D:10     | Noticed a wizard
  9691 | D:10     | Killed a wizard
  9804 | D:10     | Got the Tome of Combed Thunderclap
  9811 | D:10     | Got the Tome of Axaxaxas mlö
  9857 | D:10     | Reached XP level 11. HP: 92/101 MP: 11/11
  9894 | D:10     | Noticed an orc knight
  9946 | D:10     | Noticed a deep elf pyromancer
 10152 | D:10     | Noticed a deep elf zephyrmancer
 10531 | D:11     | Reached skill level 5 in Evocations
 10578 | D:11     | Reached skill level 1 in Dodging
 10994 | D:11     | Noticed Urug
 11153 | D:10     | Found a large runed translucent door.
 11155 | D:10     | Found a large runed translucent door.
 12129 | D:8      | Killed Joseph
 12130 | D:8      | Killed Maurice
 12428 | D:7      | Found a bloodstained altar of Trog.
 12487 | D:7      | Reached skill level 5 in Dodging
 12785 | D:8      | Bought a brightly glowing kite shield for 171 gold pieces
 12785 | D:8      | Identified the +5 kite shield of Gravity {Harm Will+} (You
                  | bought it in a shop on level 8 of the Dungeon)
 12940 | D:5      | Identified a scroll of acquirement
 12940 | D:5      | Acquired a +1 executioner's axe of freezing
 13857 | D:12     | Noticed a boulder beetle
 13875 | D:12     | Killed a boulder beetle
 14216 | D:12     | Noticed a boulder beetle
 14217 | D:12     | Noticed a great orb of eyes
 14217 | D:12     | a boulder beetle changed into a great orb of eyes
 14256 | D:11     | Killed Urug
 14338 | D:10     | Killed a deep elf zephyrmancer
 14561 | D:10     | Found Peetiuv's Weapon Emporium.
 14587 | D:10     | Found a staircase to the Orcish Mines.
 14589 | D:10     | Found Usyled's Armour Emporium.
 14688 | D:10     | Killed a deep elf pyromancer
 14689 | D:10     | Reached skill level 15 in Axes
 14743 | D:10     | Got Ts'ui Pên's Handbook of Forking Paths
 14887 | D:10     | Noticed a deep elf zephyrmancer
 14894 | D:10     | Killed a deep elf zephyrmancer
 15076 | D:10     | Killed an orc knight
 15435 | D:10     | Found a sparkling altar of Nemelex Xobeh.
 15447 | D:10     | Found a basalt altar of Yredelemnul.
 15489 | Lair:1   | Entered Level 1 of the Lair of Beasts
 15521 | Lair:1   | Found a transporter.
 15575 | Lair:1   | Noticed Gastronok
 15607 | Lair:1   | Noticed Harold
 15608 | Lair:1   | Noticed Maggie
 15621 | Lair:1   | Killed Maggie
 15629 | Lair:1   | Killed Harold
 15630 | Lair:1   | Reached skill level 16 in Axes
 15630 | Lair:1   | Reached XP level 12. HP: 30/108 MP: 12/12
 15691 | Lair:1   | Noticed an eight-headed hydra
 16155 | Lair:2   | Noticed an eight-headed hydra
 16162 | Lair:2   | Killed a six-headed hydra
 16188 | Lair:2   | Found a frozen archway.
 16204 | IceCv    | Entered an ice cave
 18005 | IceCv    | Reached skill level 17 in Axes
 18219 | IceCv    | Noticed a reaper
 18725 | Lair:2   | Reached skill level 18 in Axes
 19346 | Lair:3   | Found a sacrificial altar of Ru.
 19694 | Lair:3   | Found a staircase to the Swamp.
 19973 | Lair:3   | Found a staircase to the Snake Pit.
 20273 | Snake:1  | Entered Level 1 of the Snake Pit
 20306 | Lair:4   | Reached skill level 19 in Axes
 20385 | Lair:4   | Noticed a four-headed hydra
 20399 | Lair:4   | Killed a one-headed hydra
 20661 | Lair:4   | You fall into a shaft and drop 2 floors!
 20661 | Lair:6   | Entered Level 6 of the Lair of Beasts
 21154 | Lair:4   | Reached XP level 13. HP: 99/114 MP: 13/13
 21564 | Lair:5   | Reached skill level 20 in Axes
 21667 | Lair:5   | You fall into a shaft and drop 1 floor!
 22063 | Lair:5   | Noticed Snorg
 22077 | Lair:5   | Killed Snorg
 23017 | Lair:1   | Found a transporter.
 23053 | Lair:1   | Killed Gastronok
 23309 | Lair:1   | Identified the +3 leather armour "Yqocaid" {Rampage rC+
                  | rN+}
 23317 | Lair:1   | Identified the +1 cloak "Goutz" {rPois Str+2}
 24009 | Orc:1    | Entered Level 1 of the Orcish Mines
 24769 | Orc:2    | Entered Level 2 of the Orcish Mines
 24790 | Orc:2    | Noticed an orc warlord
 25010 | Orc:1    | Mangled by an orc warrior

Illustrated notes

Levels and vault maps discovered:
D:1:      dpeg_arrival_houses_and_road, layout_basic,
          chequers_ecumenical_altar_simple_redux, palyth_stone_intersect
D:2:      layout_basic, serial_shops, nicolae_shop_statue_plus
D:3:      layout_basic
D:4:      layout_loops_ring, gammafunk_ghost_smash
D:5:      layout_basic, minmay_temple_entry_hall, serial_shops,
          nicolae_shop_waterfront, lemuel_flame_loot_1
D:6:      corexii_shantytown, layout_basic, nicolae_tso_swordbearing_angel,
          serial_shops, nicolae_shop_statue_plus
D:7:      layout_basic, trog_book, serial_co_window_serial, co_window_paths_b,
          co_window_paths_b, co_window_corner_a, co_window_paths_a,
          co_window_paths_b, co_window_unsneaky_path_c, co_window_corner_b,
          co_window_corner_ca, co_window_broadway_c, co_window_of_opportunity_b,
          co_window_broadway_a, co_window_paths_d, glass_columns_a, uniq_pikel
D:8:      layout_rooms, serial_shops, shop, uniq_prince_ribbit1, uniq_erica,
          uniq_maurice, uniq_joseph
D:9:      layout_gridville, nicolae_water_bricks
D:10:     layout_roguey, jmf_multi_god_temple2, david_lair_generic, orc_david_3,
          serial_shops, shop, grunt_ministairs_13, bh_hangedman_babel_library
D:11:     layout_cave_pools, uniq_urug
D:12:     layout_basic
Lair:1:   gammafunk_cloud_chamber, layout_chaotic_city, uniq_harold,
          uniq_maggie, uniq_gastronok
Lair:2:   layout_chaotic_city, portal_ice_cave_entry_pillars_1
Lair:3:   layout_regular_city, minmay_swamp_entry_worms, dummy_snake_entry,
          basic_altar, serial_bayou_shore_b
Lair:4:   layout_cave_pods
Lair:5:   layout_small_grid, grunt_megastairs_2, lemuel_fruit_tree, uniq_snorg
Lair:6:   hangedman_lair_caniforms_friends, layout_misc_corridors, wormcave,
          slime_dummy, ebering_ghost_xom
Snake:1:  layout_rooms, gammafunk_ghost_grave, nicolae_snake_naga_rites
Orc:1:    layout_diamond_mine
Orc:2:    st_orc_rangers, layout_caves, serial_shops, nicolae_shop_waterfront

Skill      XL: |  1  2  3  4  5  6  7  8  9 10 11 12 13 |
---------------+----------------------------------------+-----
Axes           | 4 5 6 7 8 9 11 14 16 19 20 | 20.0
Armour         | 1 7 10 11 | 11.7
Fighting       | 4 8 10 12 | 12.3
Evocations     | 3 5 |  5.0
Dodging        | 6 |  6.6
Spellcasting   | |  1.0
Fire Magic     | |  2.1

Action                   |  1- 3 |  4- 6 |  7- 9 | 10-12 | 13-15 || total
-------------------------+-------+-------+-------+-------+-------++-------
Melee: Hand axe          |    68 |    55 |   351 |   513 |    20 ||  1007
       Headbutt          |     6 |     2 |    46 |   149 |    37 ||   240
       Battleaxe         |       |       |       |   272 |   141 ||   413
       Unarmed           |       |       |       |    16 |       ||    16
       Executioner's axe |       |       |       |     5 |    11 ||    16
 Fire: Hand crossbow     |       |       |     4 |     3 |       ||     7
Throw: Stone             |    31 |    26 |    22 |    20 |       ||    99
       Dart              |       |       |     1 |     9 |    16 ||    26
Invok: Foxfire Swarm     |       |     3 |     8 |       |       ||    11
       Sea of Fire       |       |       |     2 |       |       ||     2
Evoke: Wand              |       |       |       |    32 |    11 ||    43
       Condenser vane    |       |       |       |     2 |     1 ||     3
       Lightning rod     |       |       |       |     4 |     4 ||     8
       Phial of floods   |       |       |       |       |     1 ||     1
  Use: Scroll            |    10 |       |     5 |    13 |     2 ||    30
       Potion            |       |       |     2 |    15 |     1 ||    18
 Stab: Confused          |       |       |       |     1 |       ||     1
       Paralysed         |       |       |       |    11 |     3 ||    14
Armor: Robe              |    16 |       |       |       |       ||    16
       Ring mail         |       |    10 |       |   191 |    31 ||   232
       Chain mail        |       |    14 |   133 |   116 |       ||   263
       Skin              |       |       |       |     8 |       ||     8
       Crystal plate arm |       |       |       |       |    52 ||    52
Dodge: Dodged            |    33 |    20 |    74 |   393 |    95 ||   615
Block: Buckler           |       |       |       |     5 |       ||     5

Table legend: (Time is in decaauts)
 A = Elapsed time spent in this place.
 B = Non-inter-level travel time spent in this place.
 C = Inter-level travel time spent in this place.
 D = Time resting spent in this place.
 E = Time spent auto-exploring this place.
 F = Levels seen in this place.
 G = Mean time per level.
                   A        B        C        D        E       F      G
               +--------+--------+--------+--------+--------+-----+--------+
         Total |  24600 |  23978 |    622 |   6279 |  13821 |  22 | 1118.2 |
       Dungeon |  15553 |  15125 |    428 |   3785 |   8937 |  12 | 1296.1 |
          Lair |   6201 |   6026 |    175 |   1140 |   4067 |   6 | 1033.5 |
     Snake Pit |      1 |      1 |      0 |      0 |      0 |   1 |    1.0 |
  Orcish Mines |    670 |    652 |     18 |    112 |    321 |   2 |  335.0 |
      Ice Cave |   2173 |   2173 |      0 |   1242 |    496 |   1 | 2173.0 |
               +--------+--------+--------+--------+--------+-----+--------+

Top non-repeatable levels by time:
    D:10: 2778 daAuts
     D:6: 2306 daAuts
   IceCv: 2173 daAuts
  Lair:1: 1667 daAuts
     D:5: 1659 daAuts
     D:7: 1519 daAuts
  Lair:2: 1376 daAuts
    D:11: 1233 daAuts
     D:9: 1220 daAuts
  Lair:5: 1043 daAuts
  Lair:3: 1018 daAuts
     D:4: 965 daAuts
     D:8: 965 daAuts
  Lair:4: 956 daAuts
     D:1: 895 daAuts
